Heat vs Rampage
Created - May 20, 2022 at 23:50
Goals
|
| Heat |
1 |
3 |
3 |
7 |
| Rampage |
2 |
2 |
1 |
5 |
|
Shots
|
| Heat |
15 |
9 |
12 |
36 |
| Rampage |
17 |
11 |
7 |
35 |
|
1st period
1. Heat , Evgeny Svechnikov 20 (Mathieu Brodeur 22) at 9:11
2. Rampage , Jean-Sebastien Dea 12 (Charlie McAvoy 15, Petr Straka 12) at 11:14
3. Rampage , Ryan Lomberg 21 (Jean-Sebastien Dea 20) at 14:53 (PP)
Penalties :
Eric Karlsson (Sto) for Hooking (Minor) at 13:45
2nd period
4. Rampage , Steve Regier 5 (Nick Schmaltz 45, Rourke Chartier 34) at 5:03
5. Heat , Matthew Nieto 40 (Philip Varone 32, Kevin Labanc 57) at 15:48
6. Rampage , Dominik Simon 15 (Travis Sanheim 49) at 17:21
7. Heat , Frank Corrado 6 (Peter Cehlarik 25, Ryan Spooner 28) at 18:47
8. Heat , Matthew Nieto 41 (Rasmus Andersson 42) at 19:43
Penalties :
Jake DeBrusk (Sto) for Holding (Minor) at 7:47, Jesper Bratt (Sto) for Tripping (Minor) at 11:13
3rd period
9. Heat , Petteri Lindbohm 2 (Eric Karlsson 2, Nico Sturm 18) at 6:14
10. Heat , Kevin Labanc 41 (Frank Corrado 23, Matthew Nieto 43) at 6:37
11. Rampage , Dominik Simon 16 (Ethan Bear 22, Roland McKeown 9) at 13:52
12. Heat , Matthew Nieto 42 (Kevin Labanc 58, Victor Rask 50) at 18:11 (PP)
Penalties :
Philip Varone (Sto) for Roughing (Minor) at 0:15, Dominik Masin (Sto) for Hooking (Minor) at 8:42, Petr Straka (San) for Roughing (Double Minor) at 18:08
Goalie Stats
Michael Hutchinson (Sto), 30 saves from 35 shots - (0.857), W, 27-18-7, 60:00 minutes
Brandon Halverson (San), 21 saves from 27 shots - (0.778), L, 12-10-0, 46:37 minutes
Joni Ortio (San), 8 saves from 9 shots - (0.889), 13:23 minutes
Players Stats for Heat
Player Name G A P +/- PIM S H SB GA TA FO MP PP MP PK MP
------------------------------------------------------------------------------------
Barclay Goodrow 0 0 0 -1 0 1 1 0 0 0 0/0 11:37 0:00 0:00
Dominik Masin 0 0 0 -1 2 0 1 0 0 0 0/0 20:07 0:27 2:34
Eric Karlsson 0 1 1 -1 2 1 2 0 0 0 0/1 9:24 0:00 1:57
Evgeny Svechnikov 1 0 1 1 0 6 2 0 1 0 0/1 15:51 0:33 2:07
Frank Corrado 1 1 2 4 0 3 4 1 1 2 0/0 27:58 1:24 5:32
Jake DeBrusk 0 0 0 1 2 5 2 1 0 0 1/1 17:45 0:33 4:03
Jesper Bratt 0 0 0 -1 2 0 0 0 0 0 0/0 7:14 0:00 0:00
John Gilmour 0 0 0 -1 0 0 0 0 0 0 0/0 12:29 0:00 0:58
Kevin Labanc 1 2 3 3 0 5 1 0 0 0 0/1 17:47 1:18 0:00
Mathieu Brodeur 0 1 1 -1 0 0 2 2 0 0 0/0 20:38 0:27 3:40
Matthew Nieto 3 1 4 3 0 5 3 1 0 0 0/2 17:47 1:18 0:00
Nico Sturm 0 1 1 -1 0 0 0 0 0 0 0/1 9:22 0:00 2:07
Peter Cehlarik 0 1 1 -1 0 2 0 0 0 0 2/2 14:49 0:00 2:38
Petteri Lindbohm 1 0 1 -1 0 3 0 0 0 0 0/0 11:30 0:00 0:05
Philip Varone 0 1 1 3 2 1 3 2 1 0 18/45 21:48 0:33 4:30
Rasmus Andersson 0 1 1 4 0 1 3 2 1 1 0/0 27:37 1:24 5:19
Ryan Spooner 0 1 1 -1 0 0 0 0 0 0 3/6 12:39 0:00 0:46
Victor Rask 0 1 1 1 0 3 2 0 0 0 2/10 14:29 1:18 0:00
Players Stats for Rampage
Player Name G A P +/- PIM S H SB GA TA FO MP PP MP PK MP
------------------------------------------------------------------------------------
Anthony Richard 0 0 0 0 0 2 2 0 0 0 2/3 8:00 0:00 0:10
Charlie McAvoy 0 1 1 2 0 0 3 0 0 0 0/0 19:56 0:00 0:00
Collin Miller 0 0 0 -1 0 0 0 0 0 0 0/0 15:34 4:22 1:15
Dominik Simon 2 0 2 3 0 3 1 0 0 0 0/0 11:45 0:10 0:30
Dylan Sikura 0 0 0 0 0 1 0 1 0 0 0/0 8:01 0:07 0:15
Ethan Bear 0 1 1 -2 0 1 0 3 0 0 0/0 21:19 4:42 0:36
Jean-Sebastien Dea 1 1 2 3 0 2 1 0 0 2 4/7 14:52 3:48 0:00
Jordan Greenway 0 0 0 0 0 2 1 0 0 0 0/0 7:59 0:00 0:20
Jordan Kyrou 0 0 0 -2 0 3 4 0 0 2 0/1 18:14 5:09 0:00
Kevan Miller 0 0 0 -2 0 2 2 0 0 0 0/0 18:15 4:22 0:00
Nick Schmaltz 0 1 1 -3 0 0 6 1 1 0 4/4 21:04 3:48 0:00
Petr Straka 0 1 1 3 4 1 2 0 0 0 0/0 11:04 0:00 0:00
Roland McKeown 0 1 1 -3 0 2 1 0 1 0 0/0 21:10 0:08 1:15
Rourke Chartier 0 1 1 -3 0 4 3 1 0 0 25/40 22:39 5:13 0:15
Ryan Lomberg 1 0 1 -2 0 3 1 0 0 0 0/0 16:58 3:48 0:00
Steve Regier 1 0 1 -3 0 4 1 1 0 0 1/1 23:26 5:09 1:06
T.J. Tynan 0 0 0 -2 0 4 1 0 0 0 8/14 14:06 0:00 1:06
Travis Sanheim 0 1 1 2 0 1 2 1 1 0 0/0 23:46 4:34 0:36
Trent Frederic 0 0 0 0 0 0 0 0 0 0 0/0 0:00 0:00 0:00
3 Stars
1 - Matthew Nieto (Sto)
2 - Frank Corrado (Sto)
3 - Kevin Labanc (Sto)
Power Play
Heat - 1 on 2 Attempt(s) - 50.00%
Rampage - 1 on 5 Attempt(s) - 20.00%
Penalty Kill
Heat - 4 on 5 Attempt(s) - 80.00%
- Score 0 goal in Penalty Kill
Rampage - 1 on 2 Attempt(s) - 50.00%
- Score 0 goal in Penalty Kill
Team Stat
Heat - Hits : 26 - Faceoff Wins : 26 - Blocked Shots : 9 - Penalty Minutes : 10
Rampage - Hits : 31 - Faceoff Wins : 44 - Blocked Shots : 8 - Penalty Minutes : 4
Official
Referees : Dan O'Rourke and Furman South
Linesman : Devin Berg and Greg Devorski
Game Notes
Joni Ortio enters game at 6:37 of 3rd period
Matthew Nieto has scored a Hat Trick!
Finance
Level 1 -- Attendance: 1893 (94.65%) -- Ticket Income $66,255
Level 2 -- Attendance: 843 (84.30%) -- Ticket Income $12,645
Total Attendance: 2736 (91.20%)
Total Ticket Income: $78,900
Other Income: $3,945
Total Income: $82,845
Heat
5 vs 5 Forward
Center Left Wing Right Wing Time % Phy DF OF
1 Philip Varone Matthew Nieto Kevin Labanc 40 1 2 2
2 Victor Rask Jake DeBrusk Evgeny Svechnikov 30 1 2 2
3 Ryan Spooner Peter Cehlarik Barclay Goodrow 20 1 2 2
4 Nico Sturm Jesper Bratt Eric Karlsson 10 1 2 2
5 vs 5 Defense
Defense Defense Time % Phy DF OF
1 Frank Corrado Rasmus Andersson 40 1 2 2
2 Dominik Masin Mathieu Brodeur 30 1 2 2
3 John Gilmour Petteri Lindbohm 20 1 2 2
4 Frank Corrado Rasmus Andersson 10 1 2 2
PowerPlay Forward
Center Left Wing Right Wing Time % Phy DF OF
1 Victor Rask Matthew Nieto Kevin Labanc 60 1 2 2
2 Philip Varone Jake DeBrusk Evgeny Svechnikov 40 1 2 2
PowerPlay Defense
Defense Defense Time % Phy DF OF
1 Frank Corrado Rasmus Andersson 60 1 2 2
2 Dominik Masin Mathieu Brodeur 40 1 2 2
Penalty Kill 4 Players Forward
Center Wing Time % Phy DF OF
1 Philip Varone Jake DeBrusk 60 1 2 2
2 Nico Sturm Evgeny Svechnikov 40 1 2 2
Penalty Kill 4 Players Defense
Defense Defense Time % Phy DF OF
1 Frank Corrado Rasmus Andersson 60 1 2 2
2 Dominik Masin Mathieu Brodeur 40 1 2 2
Penalty Kill - 3 Players Forward
Forward Time % Phy DF OF
1 Matthew Nieto 60 1 2 2
2 Kevin Labanc 40 1 2 2
Penalty Kill - 3 Players Defense
Defense Defense Time % Phy DF OF
1 Frank Corrado Rasmus Andersson 60 1 2 2
2 Dominik Masin Mathieu Brodeur 40 1 2 2
4 vs 4 Forward
Center Wing Time % Phy DF OF
1 Victor Rask Matthew Nieto 60 1 2 2
2 Philip Varone Kevin Labanc 40 1 2 2
4 vs 4 Defense
Defense Defense Time % Phy DF OF
1 Frank Corrado Rasmus Andersson 60 1 2 2
2 Dominik Masin Mathieu Brodeur 40 1 2 2
Last Minutes Offensive
Center Left Wing Right Wing Defense Defense
Philip Varone Matthew Nieto Kevin Labanc Frank Corrado Rasmus Andersson
Last Minutes Defensive
Center Left Wing Right Wing Defense Defense
Philip Varone Matthew Nieto Kevin Labanc Mathieu Brodeur Rasmus Andersson
Goaltenders
Starting : Michael Hutchinson
Backup : Vitek Vanecek
Extra Forwards
Normal : Ryan Spooner, Nico Sturm, Peter Cehlarik - PP : Ryan Spooner, Nico Sturm - PK : Peter Cehlarik
Extra Defensemen
Normal : John Gilmour, Mathieu Brodeur, Dominik Masin - PP : John Gilmour - PK : Mathieu Brodeur, Dominik Masin
Penalty Shots
Matthew Nieto, Jake DeBrusk, Kevin Labanc, Evgeny Svechnikov, Victor Rask
Scratches
Alexander True (Healthy), Brandon Hickey (Healthy), Chris Brown (Healthy), Christian Jaros (Healthy), Greg Pateryn (Bruised Left Shoulder Injury)
Ryan Donato (Healthy), Trevor Carrick (Facial Surgery Injury), Vladislav Kamenev (Healthy), Tage Thompson (Healthy), Radim Zohorna (Healthy)
Nathan Lieuwen (Healthy), Collin Delia (Healthy)
Rampage
5 vs 5 Forward
Center Left Wing Right Wing Time % Phy DF OF
1 Rourke Chartier Steve Regier Nick Schmaltz 40 1 2 2
2 T.J. Tynan Ryan Lomberg Jordan Kyrou 30 1 2 2
3 Jean-Sebastien Dea Dominik Simon Petr Straka 20 1 2 2
4 Anthony Richard Jordan Greenway Dylan Sikura 10 1 2 2
5 vs 5 Defense
Defense Defense Time % Phy DF OF
1 Charlie McAvoy Travis Sanheim 40 1 2 2
2 Roland McKeown Ethan Bear 30 1 2 2
3 Kevan Miller Collin Miller 20 1 2 2
4 Kevan Miller Roland McKeown 10 1 2 2
PowerPlay Forward
Center Left Wing Right Wing Time % Phy DF OF
1 Rourke Chartier Steve Regier Jordan Kyrou 60 1 2 2
2 Jean-Sebastien Dea Ryan Lomberg Nick Schmaltz 40 1 2 2
PowerPlay Defense
Defense Defense Time % Phy DF OF
1 Ethan Bear Travis Sanheim 60 1 2 2
2 Kevan Miller Collin Miller 40 1 2 2
Penalty Kill 4 Players Forward
Center Wing Time % Phy DF OF
1 T.J. Tynan Steve Regier 60 1 2 2
2 Rourke Chartier Dylan Sikura 40 1 2 2
Penalty Kill 4 Players Defense
Defense Defense Time % Phy DF OF
1 Roland McKeown Collin Miller 60 1 2 2
2 Travis Sanheim Ethan Bear 40 1 2 2
Penalty Kill - 3 Players Forward
Forward Time % Phy DF OF
1 T.J. Tynan 60 1 2 2
2 Jean-Sebastien Dea 40 1 2 2
Penalty Kill - 3 Players Defense
Defense Defense Time % Phy DF OF
1 Roland McKeown Travis Sanheim 60 1 2 2
2 Collin Miller Ethan Bear 40 1 2 2
4 vs 4 Forward
Center Wing Time % Phy DF OF
1 Jean-Sebastien Dea Dylan Sikura 60 1 2 2
2 T.J. Tynan Ryan Lomberg 40 1 2 2
4 vs 4 Defense
Defense Defense Time % Phy DF OF
1 Roland McKeown Travis Sanheim 60 1 2 2
2 Collin Miller Charlie McAvoy 40 1 2 2
Last Minutes Offensive
Center Left Wing Right Wing Defense Defense
Rourke Chartier Ryan Lomberg Nick Schmaltz Ethan Bear Travis Sanheim
Last Minutes Defensive
Center Left Wing Right Wing Defense Defense
T.J. Tynan Steve Regier Dylan Sikura Roland McKeown Collin Miller
Goaltenders
Starting : Brandon Halverson
Backup : Joni Ortio
Extra Forwards
Normal : Dominik Simon, Jean-Sebastien Dea, Jordan Greenway - PP : Dominik Simon, Jean-Sebastien Dea - PK : Jordan Greenway
Extra Defensemen
Normal : Ethan Bear, Charlie McAvoy, Collin Miller - PP : Ethan Bear - PK : Charlie McAvoy, Collin Miller
Penalty Shots
Jordan Kyrou, Rourke Chartier, Dylan Sikura, Jean-Sebastien Dea, Nick Schmaltz
Scratches
Adam Clendening (Healthy), Artturi Lehkonen (Healthy), Jeremy Bracco (Healthy), Eamon McAdam (Healthy), Emil Larmi (Healthy)
% Time on Ice - Heat
Lines # - Real PCT - Wanted PCT - Time Play
Normal Forward
1 - 35% - 40% - 17:02
2 - 27% - 30% - 13:11
3 - 24% - 20% - 11:37
4 - 15% - 10% - 7:15
Normal Defense
1 - 39% - 40% - 19:19
2 - 34% - 30% - 16:47
3 - 22% - 20% - 10:38
4 - 5% - 10% - 2:21
PP Forward
1 - 70% - 60% - 1:18
2 - 30% - 40% - 0:33
PP Defense
1 - 76% - 60% - 1:24
2 - 24% - 40% - 0:27
PK Forward
1 - 77% - 60% - 6:57
2 - 23% - 40% - 2:07
PK Defense
1 - 60% - 60% - 5:24
2 - 40% - 40% - 3:40
PK3 Forward
1 - 0% - 60%
2 - 0% - 40%
PK3 Defense
1 - 0% - 60%
2 - 0% - 40%
44 Forward
1 - 0% - 60%
2 - 0% - 40%
44 Defense
1 - 0% - 60%
2 - 0% - 40%
Last Minute Offensive - 0:00
Last Minute Defensive - 0:00
Total
Forward - 60:00
Defense - 60:00
|
% Time on Ice - Rampage
Lines # - Real PCT - Wanted PCT - Time Play
Normal Forward
1 - 35% - 40% - 17:11
2 - 27% - 30% - 13:10
3 - 23% - 20% - 11:05
4 - 16% - 10% - 7:39
Normal Defense
1 - 41% - 40% - 20:05
2 - 32% - 30% - 15:30
3 - 18% - 20% - 8:59
4 - 9% - 10% - 4:31
PP Forward
1 - 58% - 60% - 5:16
2 - 42% - 40% - 3:48
PP Defense
1 - 52% - 60% - 4:42
2 - 48% - 40% - 4:22
PK Forward
1 - 86% - 60% - 1:36
2 - 14% - 40% - 0:15
PK Defense
1 - 68% - 60% - 1:15
2 - 32% - 40% - 0:36
PK3 Forward
1 - 0% - 60%
2 - 0% - 40%
PK3 Defense
1 - 0% - 60%
2 - 0% - 40%
44 Forward
1 - 0% - 60%
2 - 0% - 40%
44 Defense
1 - 0% - 60%
2 - 0% - 40%
Last Minute Offensive - 0:00
Last Minute Defensive - 0:00
Total
Forward - 60:00
Defense - 60:00
|
Play-by-Play
1st period
0:01 of 1st period - Rourke Chartier wins face-off versus Philip Varone in neutral zone.
0:10 of 1st period - Snap shot by Kevin Labanc.
0:10 of 1st period - Stopped by Brandon Halverson without a rebound.
0:11 of 1st period - T.J. Tynan wins face-off versus Victor Rask in Rampage zone.
0:18 of 1st period - Wrist shot by T.J. Tynan.
0:18 of 1st period - Shot Misses the Net.
0:26 of 1st period - Slapshot by T.J. Tynan.
0:26 of 1st period - Stopped by Michael Hutchinson without a rebound.
0:27 of 1st period - Ryan Spooner wins face-off versus Jean-Sebastien Dea in Heat zone.
1:41 of 1st period - Snap shot by Evgeny Svechnikov.
1:41 of 1st period - Deflect By Victor Rask.
1:41 of 1st period - Shot Misses the Net.
1:41 of 1st period - Puck is out of play.
1:42 of 1st period - Rourke Chartier wins face-off versus Evgeny Svechnikov in Rampage zone.
1:47 of 1st period - Wrist shot by Evgeny Svechnikov.
1:47 of 1st period - Shot Misses the Net.
1:49 of 1st period - Slapshot by Jake DeBrusk.
1:49 of 1st period - Shot Misses the Net.
1:51 of 1st period - Backhand shot by Victor Rask.
1:51 of 1st period - Stopped by Brandon Halverson with a rebound.
1:53 of 1st period - Slapshot by Frank Corrado.
1:53 of 1st period - Shot Blocked by Nick Schmaltz.
1:55 of 1st period - Slapshot by Rasmus Andersson.
1:55 of 1st period - Stopped by Brandon Halverson without a rebound.
1:56 of 1st period - T.J. Tynan wins face-off versus Philip Varone in Rampage zone.
2:26 of 1st period - Snap shot by Dominik Simon.
2:26 of 1st period - Shot Blocked by Rasmus Andersson.
2:28 of 1st period - Slapshot by Kevan Miller.
2:28 of 1st period - Stopped by Michael Hutchinson with a rebound.
2:30 of 1st period - Slapshot by Roland McKeown.
2:30 of 1st period - Stopped by Michael Hutchinson with a rebound.
2:32 of 1st period - Slapshot by Kevan Miller.
2:32 of 1st period - Deflect By Matthew Nieto.
2:32 of 1st period - Stopped by Michael Hutchinson with a rebound.
2:34 of 1st period - Wrist shot by Jean-Sebastien Dea.
2:34 of 1st period - Stopped by Michael Hutchinson with a rebound.
2:36 of 1st period - Wrist shot by Jean-Sebastien Dea.
2:36 of 1st period - Shot Misses the Net.
2:38 of 1st period - Snap shot by Roland McKeown.
2:38 of 1st period - Shot Blocked by Matthew Nieto.
3:41 of 1st period - Slapshot by T.J. Tynan.
3:41 of 1st period - Shot Misses the Net.
4:13 of 1st period - Wrist shot by Jake DeBrusk.
4:13 of 1st period - Stopped by Brandon Halverson without a rebound.
4:14 of 1st period - Nick Schmaltz wins face-off versus Victor Rask in Rampage zone.
4:57 of 1st period - Icing by Jordan Kyrou.
4:58 of 1st period - Ryan Spooner wins face-off versus T.J. Tynan in Rampage zone.
5:27 of 1st period - Wrist shot by Nick Schmaltz.
5:27 of 1st period - Shot Blocked by Rasmus Andersson.
5:46 of 1st period - Wrist shot by Peter Cehlarik.
5:46 of 1st period - Stopped by Brandon Halverson with a rebound.
5:48 of 1st period - Slapshot by Dominik Masin.
5:48 of 1st period - Shot Misses the Net.
5:50 of 1st period - Snap shot by Dominik Masin.
5:50 of 1st period - Shot Misses the Net.
5:52 of 1st period - Wrist shot by Barclay Goodrow.
5:52 of 1st period - Deflect By Ryan Spooner.
5:52 of 1st period - Shot Misses the Net.
5:52 of 1st period - Puck is out of play.
5:53 of 1st period - Rourke Chartier wins face-off versus Matthew Nieto in Rampage zone.
5:58 of 1st period - Mathieu Brodeur is hit by Nick Schmaltz.
6:27 of 1st period - Slapshot by Ryan Lomberg.
6:27 of 1st period - Stopped by Michael Hutchinson with a rebound.
7:16 of 1st period - Eric Karlsson is hit by Jordan Greenway and loses puck.
7:50 of 1st period - Off-side.
7:51 of 1st period - T.J. Tynan wins face-off versus Victor Rask in neutral zone.
8:05 of 1st period - Snap shot by T.J. Tynan.
8:05 of 1st period - Stopped by Michael Hutchinson with a rebound.
8:50 of 1st period - Slapshot by T.J. Tynan.
8:50 of 1st period - Stopped by Michael Hutchinson with a rebound.
8:58 of 1st period - Slapshot by Jake DeBrusk.
8:58 of 1st period - Shot Misses the Net.
9:11 of 1st period - Snap shot by Evgeny Svechnikov.
9:11 of 1st period - Goal by Evgeny Svechnikov - Heat : 1 - Rampage : 0.
9:12 of 1st period - Nick Schmaltz wins face-off versus Philip Varone in neutral zone.
9:28 of 1st period - Wrist shot by Steve Regier.
9:28 of 1st period - Stopped by Michael Hutchinson with a rebound.
9:46 of 1st period - Snap shot by Ryan Spooner.
9:46 of 1st period - Deflect By Peter Cehlarik.
9:46 of 1st period - Shot Blocked by Travis Sanheim.
9:46 of 1st period - Puck is out of play.
9:47 of 1st period - Rourke Chartier wins face-off versus Philip Varone in Rampage zone.
9:47 of 1st period - Rourke Chartier is hit by Kevin Labanc.
9:57 of 1st period - Wrist shot by Matthew Nieto.
9:57 of 1st period - Shot Misses the Net.
10:17 of 1st period - Snap shot by Peter Cehlarik.
10:17 of 1st period - Stopped by Brandon Halverson with a rebound.
10:37 of 1st period - Wrist shot by Dylan Sikura.
10:37 of 1st period - Deflect By Rasmus Andersson.
10:37 of 1st period - Shot Hit the Post.
10:37 of 1st period - Puck is out of play.
10:38 of 1st period - Rourke Chartier wins face-off versus Philip Varone in Heat zone.
10:53 of 1st period - Wrist shot by Matthew Nieto.
10:53 of 1st period - Stopped by Brandon Halverson with a rebound.
11:08 of 1st period - Wrist shot by Petr Straka.
11:08 of 1st period - Shot Misses the Net.
11:10 of 1st period - Snap shot by Jean-Sebastien Dea.
11:10 of 1st period - Shot Misses the Net.
11:12 of 1st period - Slapshot by Charlie McAvoy.
11:12 of 1st period - Shot Hit the Post.
11:14 of 1st period - Wrist shot by Jean-Sebastien Dea.
11:14 of 1st period - Goal by Jean-Sebastien Dea - Heat : 1 - Rampage : 1.
11:15 of 1st period - Philip Varone wins face-off versus Rourke Chartier in neutral zone.
11:26 of 1st period - Slapshot by Philip Varone.
11:26 of 1st period - Shot Misses the Net.
11:28 of 1st period - Slapshot by Frank Corrado.
11:28 of 1st period - Shot Blocked by Rourke Chartier.
11:30 of 1st period - Slapshot by Rasmus Andersson.
11:30 of 1st period - Shot Misses the Net.
11:42 of 1st period - Frank Corrado is hit by Anthony Richard and loses puck.
11:52 of 1st period - Icing by Kevan Miller.
11:53 of 1st period - Philip Varone wins face-off versus Anthony Richard in Rampage zone.
11:54 of 1st period - Wrist shot by Matthew Nieto.
11:54 of 1st period - Shot Blocked by Dylan Sikura.
11:56 of 1st period - Wrist shot by Matthew Nieto.
11:56 of 1st period - Shot Misses the Net.
11:58 of 1st period - Snap shot by Petteri Lindbohm.
11:58 of 1st period - Stopped by Brandon Halverson without a rebound.
11:59 of 1st period - Philip Varone wins face-off versus Rourke Chartier in Rampage zone.
12:06 of 1st period - Wrist shot by Matthew Nieto.
12:06 of 1st period - Deflect By Kevin Labanc.
12:06 of 1st period - Stopped by Brandon Halverson with a rebound.
12:24 of 1st period - Charlie McAvoy is hit by Frank Corrado and loses puck.
12:35 of 1st period - Wrist shot by Evgeny Svechnikov.
12:35 of 1st period - Stopped by Brandon Halverson with a rebound.
12:49 of 1st period - Wrist shot by Petr Straka.
12:49 of 1st period - Stopped by Michael Hutchinson with a rebound.
13:45 of 1st period - Minor Penalty to Eric Karlsson for Hooking.
13:46 of 1st period - Philip Varone wins face-off versus Rourke Chartier in Heat zone.
13:52 of 1st period - Off-side.
13:53 of 1st period - Rourke Chartier wins face-off versus Philip Varone in neutral zone.
14:22 of 1st period - Snap shot by Ryan Lomberg.
14:22 of 1st period - Stopped by Michael Hutchinson without a rebound.
14:23 of 1st period - Rourke Chartier wins face-off versus Philip Varone in Heat zone.
14:53 of 1st period - Slapshot by Ryan Lomberg.
14:53 of 1st period - Goal by Ryan Lomberg - Heat : 1 - Rampage : 2.
14:54 of 1st period - Nick Schmaltz wins face-off versus Philip Varone in neutral zone.
15:01 of 1st period - Steve Regier is hit by Philip Varone and loses puck.
15:20 of 1st period - Nick Schmaltz is hit by Frank Corrado and loses puck.
15:39 of 1st period - Backhand shot by Rourke Chartier.
15:39 of 1st period - Deflect By Steve Regier.
15:39 of 1st period - Shot Misses the Net.
15:39 of 1st period - Puck is out of play.
15:40 of 1st period - T.J. Tynan wins face-off versus Philip Varone in Heat zone.
15:43 of 1st period - Snap shot by T.J. Tynan.
15:43 of 1st period - Deflect By Jordan Kyrou.
15:43 of 1st period - Stopped by Michael Hutchinson without a rebound.
15:44 of 1st period - Philip Varone wins face-off versus T.J. Tynan in Heat zone.
16:11 of 1st period - Snap shot by Jake DeBrusk.
16:11 of 1st period - Shot Misses the Net.
16:13 of 1st period - Slapshot by Mathieu Brodeur.
16:13 of 1st period - Shot Misses the Net.
16:15 of 1st period - Wrist shot by Evgeny Svechnikov.
16:15 of 1st period - Stopped by Brandon Halverson with a rebound.
16:17 of 1st period - Slapshot by Dominik Masin.
16:17 of 1st period - Shot Misses the Net.
16:19 of 1st period - Snap shot by Victor Rask.
16:19 of 1st period - Stopped by Brandon Halverson with a rebound.
16:21 of 1st period - Slapshot by Jake DeBrusk.
16:21 of 1st period - Stopped by Brandon Halverson without a rebound.
16:22 of 1st period - Rourke Chartier wins face-off versus Ryan Spooner in Rampage zone.
16:22 of 1st period - Rourke Chartier is hit by Rasmus Andersson.
16:28 of 1st period - Ryan Spooner is hit by Rourke Chartier and loses puck.
16:49 of 1st period - Frank Corrado is hit by T.J. Tynan and loses puck.
17:34 of 1st period - Snap shot by Kevan Miller.
17:34 of 1st period - Deflect By Jordan Greenway.
17:34 of 1st period - Stopped by Michael Hutchinson with a rebound.
17:40 of 1st period - Wrist shot by Jesper Bratt.
17:40 of 1st period - Shot Misses the Net.
18:18 of 1st period - Slapshot by Travis Sanheim.
18:18 of 1st period - Deflect By Jordan Kyrou.
18:18 of 1st period - Stopped by Michael Hutchinson with a rebound.
18:26 of 1st period - Snap shot by Jordan Kyrou.
18:26 of 1st period - Shot Blocked by Philip Varone.
18:58 of 1st period - Kevin Labanc is hit by Nick Schmaltz and loses puck.
19:14 of 1st period - Off-side.
19:15 of 1st period - Anthony Richard wins face-off versus Victor Rask in neutral zone.
19:22 of 1st period - Slapshot by Jordan Greenway.
19:22 of 1st period - Stopped by Michael Hutchinson with a rebound.
19:28 of 1st period - Slapshot by Rasmus Andersson.
19:28 of 1st period - Shot Blocked by Ethan Bear.
19:30 of 1st period - Slapshot by Frank Corrado.
19:30 of 1st period - Stopped by Brandon Halverson with a rebound.
19:42 of 1st period - Ryan Spooner is hit by Nick Schmaltz and loses puck.
Goals for this period are 1 for Heat vs 2 for Rampage.
Shots for this period are 15 for Heat vs 17 for Rampage.
2nd period
0:01 of 2nd period - Philip Varone wins face-off versus Rourke Chartier in neutral zone.
0:19 of 2nd period - Kevin Labanc is hit by Charlie McAvoy.
0:45 of 2nd period - Jake DeBrusk is hit by Jordan Kyrou and loses puck.
1:04 of 2nd period - Snap shot by Evgeny Svechnikov.
1:04 of 2nd period - Stopped by Brandon Halverson with a rebound.
1:08 of 2nd period - Slapshot by Victor Rask.
1:08 of 2nd period - Shot Blocked by Ethan Bear.
1:10 of 2nd period - Wrist shot by Jake DeBrusk.
1:10 of 2nd period - Shot Misses the Net.
1:12 of 2nd period - Snap shot by Jake DeBrusk.
1:12 of 2nd period - Stopped by Brandon Halverson without a rebound.
1:13 of 2nd period - Rourke Chartier wins face-off versus Philip Varone in Rampage zone.
1:13 of 2nd period - Rourke Chartier is hit by Matthew Nieto.
1:26 of 2nd period - Off-side.
1:27 of 2nd period - T.J. Tynan wins face-off versus Philip Varone in neutral zone.
1:49 of 2nd period - Icing by Travis Sanheim.
1:50 of 2nd period - Peter Cehlarik wins face-off versus Rourke Chartier in Rampage zone.
1:59 of 2nd period - Snap shot by Nick Schmaltz.
1:59 of 2nd period - Shot Misses the Net.
2:03 of 2nd period - Wrist shot by Rourke Chartier.
2:03 of 2nd period - Stopped by Michael Hutchinson without a rebound.
2:04 of 2nd period - Philip Varone wins face-off versus Jean-Sebastien Dea in Heat zone.
2:04 of 2nd period - Philip Varone is hit by Kevan Miller.
2:37 of 2nd period - Nick Schmaltz is hit by Jake DeBrusk and loses puck.
3:15 of 2nd period - Snap shot by Dominik Simon.
3:15 of 2nd period - Stopped by Michael Hutchinson without a rebound.
3:16 of 2nd period - Jean-Sebastien Dea wins face-off versus Nico Sturm in Heat zone.
3:27 of 2nd period - Rasmus Andersson is hit by Dominik Simon and loses puck.
3:38 of 2nd period - Petteri Lindbohm is hit by Petr Straka and loses puck.
4:59 of 2nd period - Icing by Petteri Lindbohm.
5:00 of 2nd period - Rourke Chartier wins face-off versus Eric Karlsson in Heat zone.
5:01 of 2nd period - Snap shot by Nick Schmaltz.
5:01 of 2nd period - Shot Misses the Net.
5:03 of 2nd period - Slapshot by Steve Regier.
5:03 of 2nd period - Goal by Steve Regier - Heat : 1 - Rampage : 3.
5:04 of 2nd period - Rourke Chartier wins face-off versus Philip Varone in neutral zone.
6:01 of 2nd period - Icing by Dominik Masin.
6:02 of 2nd period - Rourke Chartier wins face-off versus Ryan Spooner in Heat zone.
6:09 of 2nd period - Peter Cehlarik is hit by Charlie McAvoy and loses puck.
6:13 of 2nd period - Barclay Goodrow is hit by Nick Schmaltz and loses puck.
6:26 of 2nd period - Snap shot by Peter Cehlarik.
6:26 of 2nd period - Shot Misses the Net.
6:43 of 2nd period - Icing by Mathieu Brodeur.
6:44 of 2nd period - Rourke Chartier wins face-off versus Ryan Spooner in Heat zone.
6:57 of 2nd period - Snap shot by Peter Cehlarik.
6:57 of 2nd period - Shot Hit the Post.
6:59 of 2nd period - Snap shot by Barclay Goodrow.
6:59 of 2nd period - Stopped by Brandon Halverson with a rebound.
7:11 of 2nd period - Wrist shot by Ryan Spooner.
7:11 of 2nd period - Deflect By Barclay Goodrow.
7:11 of 2nd period - Shot Misses the Net.
7:11 of 2nd period - Puck is out of play.
7:12 of 2nd period - T.J. Tynan wins face-off versus Philip Varone in Rampage zone.
7:47 of 2nd period - Minor Penalty to Jake DeBrusk for Holding.
7:48 of 2nd period - Rourke Chartier wins face-off versus Philip Varone in Heat zone.
7:48 of 2nd period - Slapshot by Travis Sanheim.
7:48 of 2nd period - Shot Blocked by Frank Corrado.
7:50 of 2nd period - Slapshot by Ethan Bear.
7:50 of 2nd period - Deflect By Philip Varone.
7:50 of 2nd period - Stopped by Michael Hutchinson without a rebound.
7:51 of 2nd period - Rourke Chartier wins face-off versus Philip Varone in Heat zone.
7:54 of 2nd period - Slapshot by Steve Regier.
7:54 of 2nd period - Shot Misses the Net.
7:56 of 2nd period - Slapshot by Rourke Chartier.
7:56 of 2nd period - Stopped by Michael Hutchinson without a rebound.
7:57 of 2nd period - Rourke Chartier wins face-off versus Philip Varone in Heat zone.
8:00 of 2nd period - Slapshot by Travis Sanheim.
8:00 of 2nd period - Stopped by Michael Hutchinson with a rebound.
8:23 of 2nd period - Wrist shot by Philip Varone.
8:23 of 2nd period - Deflect By Eric Karlsson.
8:23 of 2nd period - Shot Misses the Net.
8:23 of 2nd period - Puck is out of play.
8:24 of 2nd period - Jean-Sebastien Dea wins face-off versus Philip Varone in Rampage zone.
8:55 of 2nd period - Snap shot by Jordan Kyrou.
8:55 of 2nd period - Shot Blocked by Mathieu Brodeur.
8:57 of 2nd period - Wrist shot by Steve Regier.
8:57 of 2nd period - Stopped by Michael Hutchinson without a rebound.
8:58 of 2nd period - Philip Varone wins face-off versus Rourke Chartier in Heat zone.
9:17 of 2nd period - Philip Varone is hit by Ryan Lomberg and loses puck.
9:47 of 2nd period - Penalty to Jake DeBrusk is over, Jake DeBrusk is back on ice.
10:06 of 2nd period - Slapshot by Travis Sanheim.
10:06 of 2nd period - Deflect By Anthony Richard.
10:06 of 2nd period - Stopped by Michael Hutchinson with a rebound.
10:42 of 2nd period - Jordan Kyrou is hit by Barclay Goodrow and loses puck.
11:13 of 2nd period - Minor Penalty to Jesper Bratt for Tripping.
11:14 of 2nd period - Philip Varone wins face-off versus Rourke Chartier in Heat zone.
11:39 of 2nd period - Jake DeBrusk is hit by Jean-Sebastien Dea and loses puck.
12:52 of 2nd period - Frank Corrado is hit by Kevan Miller and loses puck.
13:13 of 2nd period - Penalty to Jesper Bratt is over, Jesper Bratt is back on ice.
13:34 of 2nd period - Peter Cehlarik is hit by Charlie McAvoy.
14:17 of 2nd period - Snap shot by Jake DeBrusk.
14:17 of 2nd period - Stopped by Brandon Halverson without a rebound.
14:18 of 2nd period - Jean-Sebastien Dea wins face-off versus Victor Rask in Rampage zone.
14:18 of 2nd period - Jean-Sebastien Dea is hit by Evgeny Svechnikov.
14:24 of 2nd period - Evgeny Svechnikov is hit by Petr Straka and loses puck.
15:33 of 2nd period - Off-side.
15:34 of 2nd period - Philip Varone wins face-off versus Rourke Chartier in neutral zone.
15:39 of 2nd period - Steve Regier is hit by Philip Varone and loses puck.
15:48 of 2nd period - Slapshot by Matthew Nieto.
15:48 of 2nd period - Goal by Matthew Nieto - Heat : 2 - Rampage : 3.
15:49 of 2nd period - Steve Regier wins face-off versus Philip Varone in neutral zone.
16:42 of 2nd period - Slapshot by Ethan Bear.
16:42 of 2nd period - Shot Misses the Net.
16:44 of 2nd period - Slapshot by Roland McKeown.
16:44 of 2nd period - Stopped by Michael Hutchinson without a rebound.
16:45 of 2nd period - Rourke Chartier wins face-off versus Philip Varone in Heat zone.
17:18 of 2nd period - Travis Sanheim is hit by Mathieu Brodeur and loses puck.
17:21 of 2nd period - Wrist shot by Dominik Simon.
17:21 of 2nd period - Goal by Dominik Simon - Heat : 2 - Rampage : 4.
17:22 of 2nd period - Rourke Chartier wins face-off versus Philip Varone in neutral zone.
17:47 of 2nd period - Jordan Kyrou is hit by Rasmus Andersson and loses puck.
17:54 of 2nd period - Snap shot by Evgeny Svechnikov.
17:54 of 2nd period - Shot Misses the Net.
17:56 of 2nd period - Slapshot by Petteri Lindbohm.
17:56 of 2nd period - Shot Blocked by Ethan Bear.
18:06 of 2nd period - Snap shot by Ryan Lomberg.
18:06 of 2nd period - Deflect By Dominik Simon.
18:06 of 2nd period - Shot Misses the Net.
18:06 of 2nd period - Puck is out of play.
18:07 of 2nd period - Ryan Spooner wins face-off versus Jean-Sebastien Dea in Heat zone.
18:19 of 2nd period - Petr Straka is hit by Frank Corrado.
18:45 of 2nd period - Snap shot by Peter Cehlarik.
18:45 of 2nd period - Shot Misses the Net.
18:47 of 2nd period - Slapshot by Frank Corrado.
18:47 of 2nd period - Goal by Frank Corrado - Heat : 3 - Rampage : 4.
18:48 of 2nd period - Rourke Chartier wins face-off versus Kevin Labanc in neutral zone.
18:57 of 2nd period - Slapshot by Kevin Labanc.
18:57 of 2nd period - Deflect By Nick Schmaltz.
18:57 of 2nd period - Shot Misses the Net.
18:57 of 2nd period - Puck is out of play.
18:58 of 2nd period - Rourke Chartier wins face-off versus Matthew Nieto in Rampage zone.
19:07 of 2nd period - Snap shot by Matthew Nieto.
19:07 of 2nd period - Shot Misses the Net.
19:11 of 2nd period - Snap shot by Kevin Labanc.
19:11 of 2nd period - Stopped by Brandon Halverson with a rebound.
19:13 of 2nd period - Wrist shot by Matthew Nieto.
19:13 of 2nd period - Shot Misses the Net.
19:15 of 2nd period - Wrist shot by Philip Varone.
19:15 of 2nd period - Stopped by Brandon Halverson without a rebound.
19:16 of 2nd period - T.J. Tynan wins face-off versus Victor Rask in Rampage zone.
19:16 of 2nd period - T.J. Tynan is hit by Frank Corrado.
19:28 of 2nd period - Slapshot by T.J. Tynan.
19:28 of 2nd period - Stopped by Michael Hutchinson without a rebound.
19:29 of 2nd period - Philip Varone wins face-off versus Rourke Chartier in Heat zone.
19:31 of 2nd period - Kevin Labanc is hit by Nick Schmaltz and loses puck.
19:36 of 2nd period - Matthew Nieto is hit by Roland McKeown and loses puck.
19:43 of 2nd period - Wrist shot by Matthew Nieto.
19:43 of 2nd period - Goal by Matthew Nieto - Heat : 4 - Rampage : 4.
19:44 of 2nd period - Rourke Chartier wins face-off versus Philip Varone in neutral zone.
19:47 of 2nd period - Philip Varone is hit by Steve Regier and loses puck.
Goals for this period are 3 for Heat vs 2 for Rampage.
Shots for this period are 9 for Heat vs 11 for Rampage.
3rd period
0:01 of 3rd period - Philip Varone wins face-off versus Rourke Chartier in neutral zone.
0:15 of 3rd period - Minor Penalty to Philip Varone for Roughing.
0:16 of 3rd period - Peter Cehlarik wins face-off versus Rourke Chartier in Heat zone.
0:24 of 3rd period - Frank Corrado is hit by Jordan Kyrou and loses puck.
1:33 of 3rd period - Dominik Masin is hit by Jordan Kyrou.
2:05 of 3rd period - Kevan Miller is hit by Evgeny Svechnikov and loses puck.
2:15 of 3rd period - Penalty to Philip Varone is over, Philip Varone is back on ice.
2:26 of 3rd period - Backhand shot by Travis Sanheim.
2:26 of 3rd period - Deflect By Anthony Richard.
2:26 of 3rd period - Shot Blocked by Philip Varone.
2:26 of 3rd period - Puck is out of play.
2:27 of 3rd period - Anthony Richard wins face-off versus Philip Varone in Heat zone.
2:54 of 3rd period - Jean-Sebastien Dea is hit by Victor Rask and loses puck.
3:40 of 3rd period - Kevan Miller is hit by Eric Karlsson and loses puck.
4:28 of 3rd period - Wrist shot by Jordan Kyrou.
4:28 of 3rd period - Stopped by Michael Hutchinson with a rebound.
4:34 of 3rd period - Snap shot by T.J. Tynan.
4:34 of 3rd period - Shot Misses the Net.
5:22 of 3rd period - Evgeny Svechnikov is hit by Jordan Kyrou and loses puck.
6:12 of 3rd period - Snap shot by Nico Sturm.
6:12 of 3rd period - Deflect By Eric Karlsson.
6:12 of 3rd period - Stopped by Brandon Halverson with a rebound.
6:14 of 3rd period - Slapshot by Petteri Lindbohm.
6:14 of 3rd period - Deflect By Kevan Miller.
6:14 of 3rd period - Goal by Petteri Lindbohm - Heat : 5 - Rampage : 4.
6:15 of 3rd period - Rourke Chartier wins face-off versus Philip Varone in neutral zone.
6:19 of 3rd period - Travis Sanheim is hit by Philip Varone and loses puck.
6:25 of 3rd period - Off-side.
6:26 of 3rd period - Philip Varone wins face-off versus Rourke Chartier in neutral zone.
6:29 of 3rd period - Slapshot by Rasmus Andersson.
6:29 of 3rd period - Shot Misses the Net.
6:31 of 3rd period - Slapshot by Rasmus Andersson.
6:31 of 3rd period - Deflect By Philip Varone.
6:31 of 3rd period - Shot Misses the Net.
6:31 of 3rd period - Puck is out of play.
6:32 of 3rd period - Philip Varone wins face-off versus Rourke Chartier in Rampage zone.
6:33 of 3rd period - Snap shot by Matthew Nieto.
6:33 of 3rd period - Shot Misses the Net.
6:35 of 3rd period - Slapshot by Frank Corrado.
6:35 of 3rd period - Shot Blocked by Steve Regier.
6:37 of 3rd period - Slapshot by Kevin Labanc.
6:37 of 3rd period - Deflect By Travis Sanheim.
6:37 of 3rd period - Goal by Kevin Labanc - Heat : 6 - Rampage : 4.
6:37 of 3rd period - Joni Ortio enters game.
6:38 of 3rd period - Rourke Chartier wins face-off versus Philip Varone in neutral zone.
6:51 of 3rd period - Charlie McAvoy is hit by Matthew Nieto and loses puck.
7:14 of 3rd period - Snap shot by Victor Rask.
7:14 of 3rd period - Stopped by Joni Ortio without a rebound.
7:15 of 3rd period - T.J. Tynan wins face-off versus Philip Varone in Rampage zone.
7:30 of 3rd period - Slapshot by Kevin Labanc.
7:30 of 3rd period - Shot Misses the Net.
7:39 of 3rd period - Icing by Roland McKeown.
7:40 of 3rd period - Rourke Chartier wins face-off versus Victor Rask in Rampage zone.
7:49 of 3rd period - Snap shot by Rourke Chartier.
7:49 of 3rd period - Stopped by Michael Hutchinson without a rebound.
7:50 of 3rd period - Nick Schmaltz wins face-off versus Philip Varone in Heat zone.
7:51 of 3rd period - Backhand shot by Rourke Chartier.
7:51 of 3rd period - Stopped by Michael Hutchinson without a rebound.
7:52 of 3rd period - Philip Varone wins face-off versus Rourke Chartier in Heat zone.
8:40 of 3rd period - Slapshot by Anthony Richard.
8:40 of 3rd period - Stopped by Michael Hutchinson with a rebound.
8:42 of 3rd period - Minor Penalty to Dominik Masin for Hooking.
8:43 of 3rd period - Jake DeBrusk wins face-off versus Jordan Kyrou in Heat zone.
8:43 of 3rd period - Jake DeBrusk is hit by Rourke Chartier.
9:10 of 3rd period - Jake DeBrusk is hit by Nick Schmaltz and loses puck.
10:06 of 3rd period - Eric Karlsson is hit by Rourke Chartier and loses puck.
10:42 of 3rd period - Penalty to Dominik Masin is over, Dominik Masin is back on ice.
12:31 of 3rd period - Matthew Nieto is hit by Travis Sanheim and loses puck.
12:50 of 3rd period - Nick Schmaltz is hit by Eric Karlsson and loses puck.
13:05 of 3rd period - Rourke Chartier is hit by Mathieu Brodeur and loses puck.
13:35 of 3rd period - Kevin Labanc is hit by Anthony Richard and loses puck.
13:52 of 3rd period - Slapshot by Dominik Simon.
13:52 of 3rd period - Goal by Dominik Simon - Heat : 6 - Rampage : 5.
13:53 of 3rd period - Rourke Chartier wins face-off versus Victor Rask in neutral zone.
14:28 of 3rd period - Snap shot by Matthew Nieto.
14:28 of 3rd period - Stopped by Joni Ortio with a rebound.
14:54 of 3rd period - Snap shot by Ryan Spooner.
14:54 of 3rd period - Shot Misses the Net.
14:56 of 3rd period - Slapshot by Petteri Lindbohm.
14:56 of 3rd period - Stopped by Joni Ortio with a rebound.
15:05 of 3rd period - Nick Schmaltz is hit by Dominik Masin and loses puck.
15:12 of 3rd period - Snap shot by Steve Regier.
15:12 of 3rd period - Shot Misses the Net.
15:14 of 3rd period - Wrist shot by Ethan Bear.
15:14 of 3rd period - Shot Blocked by Jake DeBrusk.
15:16 of 3rd period - Slapshot by Steve Regier.
15:16 of 3rd period - Stopped by Michael Hutchinson without a rebound.
15:17 of 3rd period - Philip Varone wins face-off versus T.J. Tynan in Heat zone.
15:30 of 3rd period - Snap shot by Kevin Labanc.
15:30 of 3rd period - Stopped by Joni Ortio with a rebound.
16:13 of 3rd period - Snap shot by Dylan Sikura.
16:13 of 3rd period - Stopped by Michael Hutchinson with a rebound.
16:15 of 3rd period - Slapshot by Travis Sanheim.
16:15 of 3rd period - Deflect By Jordan Greenway.
16:15 of 3rd period - Shot Blocked by Mathieu Brodeur.
16:15 of 3rd period - Puck is out of play.
16:16 of 3rd period - Philip Varone wins face-off versus Rourke Chartier in Heat zone.
16:37 of 3rd period - Rourke Chartier is hit by Matthew Nieto and loses puck.
16:51 of 3rd period - Jean-Sebastien Dea is hit by Rasmus Andersson and loses puck.
17:20 of 3rd period - Snap shot by Jordan Kyrou.
17:20 of 3rd period - Shot Misses the Net.
17:42 of 3rd period - Victor Rask is hit by Travis Sanheim.
17:48 of 3rd period - Charlie McAvoy is hit by Jake DeBrusk and loses puck.
18:05 of 3rd period - Slapshot by Evgeny Svechnikov.
18:05 of 3rd period - Stopped by Joni Ortio without a rebound.
18:06 of 3rd period - Jean-Sebastien Dea wins face-off versus Philip Varone in Rampage zone.
18:08 of 3rd period - Double Minor Penalty to Petr Straka for Roughing.
18:09 of 3rd period - Victor Rask wins face-off versus T.J. Tynan in Rampage zone.
18:11 of 3rd period - Snap shot by Matthew Nieto.
18:11 of 3rd period - Goal by Matthew Nieto - Heat : 7 - Rampage : 5.
18:12 of 3rd period - Victor Rask wins face-off versus T.J. Tynan in neutral zone.
18:15 of 3rd period - Roland McKeown is hit by Victor Rask and loses puck.
18:40 of 3rd period - Slapshot by Rasmus Andersson.
18:40 of 3rd period - Deflect By Evgeny Svechnikov.
18:40 of 3rd period - Stopped by Joni Ortio with a rebound.
18:42 of 3rd period - Slapshot by Rasmus Andersson.
18:42 of 3rd period - Deflect By Jake DeBrusk.
18:42 of 3rd period - Stopped by Joni Ortio with a rebound.
18:44 of 3rd period - Slapshot by Frank Corrado.
18:44 of 3rd period - Stopped by Joni Ortio without a rebound.
18:45 of 3rd period - Philip Varone wins face-off versus T.J. Tynan in Rampage zone.
Goals for this period are 3 for Heat vs 1 for Rampage.
Shots for this period are 12 for Heat vs 7 for Rampage.